 Dungeon Sprint DCSS version 0.26.1-11-gd32895ea62 (webtiles) character file.

Game seed: 12121123547725354936

12446 Selrock the Imperceptible (level 11, -12/47 HPs)
             Began as a Spriggan Enchanter on May 17, 2021.
             Was the Champion of Dithmenos.
             Killed by divine providence
             ... invoked by a daeva
              (15 damage)
             ... in the Dungeon (Sprint I: "Red Sonja").
             The game lasted 00:20:36 (2941 turns).

Selrock the Imperceptible (Spriggan Enchanter)      Turns: 2941, Time: 00:20:37

Health: -12/47     AC:  4    Str:  4    XL:     11   Next: 62%
Magic:  31/31      EV: 18    Int: 17    God:    Dithmenos [******]
Gold:   725        SH:  0    Dex: 20    Spells: 32/40 levels left

rFire    . . .     SeeInvis +   j - +2 short sword (distort)
rCold    . . .     Faith    .   (shield restricted)
rNeg     . . .     Spirit   .   l - +2 robe {Will+}
rPois    .         Reflect  .   (helmet restricted)
rElec    .         Harm     .   (no cloak)
rCorr    .         Rampage  .   (gloves unavailable)
Will     ++...     NoTele   +   (boots unavailable)
Stlth    ++++++++++             (no amulet)
HPRegen  0.15/turn              r - ring of stealth
MPRegen  0.22/turn              (no ring)

@: very quick
A: very small, unfitting armour, see invisible, speed 3
a: Renounce Religion, Shadow Step, Shadow Form


You were in the Dungeon.
You worshipped Dithmenos.
Dithmenos was exalted by your worship.
You visited 1 branch You collected 1351 gold pieces.
You spent 626 gold pieces at shops.

Inventory:

Hand Weapons
 a - a +1 dagger
 j - a +2 short sword of distortion (weapon)
Missiles
 k - 4 curare-tipped darts (quivered)
Armour
 b - a +0 robe
 l - a +2 robe of willpower (worn)
 q - a +2 robe of cold resistance
Jewellery
 r - a ring of stealth (left hand)
Wands
 c - a wand of digging (5)
 m - a wand of flame (13)
 o - a wand of iceblast (9)
 p - a wand of enslavement (6)
Scrolls
 f - a scroll of identify {unknown}
 h - a scroll of amnesia {unknown}
 i - a scroll of blinking
 n - a scroll of fear {unknown}
Potions
 d - a potion of curing
 e - a potion of heal wounds
 g - 2 potions of magic


   Skills:
 + Level 13.7 Short Blades
 - Level 3.0 Dodging
 + Level 23.1 Stealth
 + Level 15.0 Spellcasting
 + Level 17.9 Hexes
 + Level 5.6 Translocations


You had 32 spell levels left.
You knew the following spells:

 Your Spells              Type           Power        Failure   Level
a - Corona                Hex            72%          0%          1
b - Ensorcelled Hibernat  Hex/Ice        86%          1%          2
c - Confusing Touch       Hex            65%          0%          3
d - Blink                 Tloc           N/A          1%          2

Your spell library contained the following spells:

 Spells                   Type           Power        Failure   Level
 Slow                     Hex            65%          0%          2
 Tukima's Dance           Hex            65%          0%          3
 Dazzling Flash           Conj/Hex       86%          1%          3
 Beastly Appendage        Tmut           24%          4%          1
 Magic Dart               Conj           48%          4%          1
 Call Imp                 Summ           12%          8%          2
 Passwall                 Tmut/Erth      10%          8%          2
 Swiftness                Air            12%          8%          2
 Conjure Flame            Conj/Fire      12%          16%         3
 Mephitic Cloud           Conj/Pois/Air  12%          16%         3
 Static Discharge         Conj/Air       12%          16%         3
 Lightning Bolt           Conj/Air       6%           80%         5
 Dragon Form              Tmut           6%           100%        7


Dungeon Overview and Level Annotations

Branches:
Dungeon (1/1)

Altars:
Cheibriados
Dithmenos
Elyvilon
Fedhas
Gozag
Hepliaklqana
Kikubaaqudgha
Makhleb
Nemelex Xobeh
Okawaru
Qazlal
Ru
Sif Muna
Trog
Uskayaw
Vehumet
Wu Jian
Xom
Yredelemnul
Zin
The Shining One
Jiyva
Lugonu

Shops:
D :(([*=*![**!?:[[


Innate Abilities, Weirdness & Mutations

You are very small and have problems with some larger weapons.
You are too small for most types of armour.
You have supernaturally acute eyesight. (SInv)
You cover ground extremely quickly.


Message History

There is an entrance to Zoasopro's Weapon Shoppe here.
Unknown command.
Found Waagregu's Distillery.
There is an entrance to Bonyrch's General Store here.
Found Vucitz's Book Emporium and Giywohet's Magic Scroll Boutique.
There is an entrance to Filuqira's Jewellery Shop here.
Found Hymiwo's Antique Armour Emporium.
There is an entrance to Xyer Bio's Assorted Antiques here.
There is an entrance to Telot's Distillery here.
There is an entrance to Cooxey's Antique Armour Emporium here.
There is an entrance to Kesy's General Store here.
There is an entrance to Heju's General Store here.
There is an entrance to Waagregu's Distillery here.
There is an entrance to Vucitz's Book Emporium here.
There is an entrance to Giywohet's Magic Scroll Boutique here.
There is an entrance to Hymiwo's Antique Armour Emporium here.
There is an entrance to Vucitz's Book Emporium here.
You pick up a book of Minor Magic and begin reading...
You add the spells Magic Dart, Blink, Call Imp, Slow, Conjure Flame and Mephitic Cloud to your library.
Thank you for shopping at Vucitz's Book Emporium!
There is an entrance to Giywohet's Magic Scroll Boutique here.
There is an entrance to Hymiwo's Antique Armour Emporium here.
There is an entrance to Giywohet's Magic Scroll Boutique here.
There is an entrance to Vucitz's Book Emporium here.
There is an entrance to Waagregu's Distillery here.
There is an entrance to Heju's General Store here.
There is an entrance to Kesy's General Store here.
There is an entrance to Cooxey's Antique Armour Emporium here.
There is an entrance to Telot's Distillery here.
There is an entrance to Xyer Bio's Assorted Antiques here.
There is an entrance to Filuqira's Jewellery Shop here.
r - an uncursed ring of stealth Thank you for shopping at Filuqira's Jewellery Shop!
r - a ring of stealth (left hand)
There is an entrance to Bonyrch's General Store here.
Okay, then.
Okay, then.
Memorise Blink, consuming 2 spell levels and leaving 30?
You start memorising the spell.
You continue memorising. x2
You finish memorising.
Spell assigned to 'd'.
Okay, then.
There is an entrance to Kon Eron's Antique Armour Boutique here.
There is an entrance to Zoasopro's Weapon Shoppe here.
There is an entrance to Goawk's Weapon Shop here.
There is an entrance to Zoasopro's Weapon Shoppe here.
There is an entrance to Kon Eron's Antique Armour Boutique here.
There is an entrance to Bonyrch's General Store here.
There is an entrance to Filuqira's Jewellery Shop here.
There is an entrance to Xyer Bio's Assorted Antiques here.
There is an entrance to Telot's Distillery here.
There is an entrance to Cooxey's Antique Armour Emporium here.
There is an entrance to Telot's Distillery here.
There is an entrance to Xyer Bio's Assorted Antiques here.
There is an entrance to Telot's Distillery here.
There is an entrance to Cooxey's Antique Armour Emporium here.
There is an entrance to Kesy's General Store here.
Casting: Corona (safe; 0% risk of failure)
Confirm with . or Enter, or press ? or * to list all spells.
Okay, then.
There is an entrance to Heju's General Store here.
There is an entrance to Waagregu's Distillery here.
There is an entrance to Vucitz's Book Emporium here.
There is an entrance to Giywohet's Magic Scroll Boutique here.
You open the door.
There is an open door here.
You enter the shallow water.
Moving in this stuff is going to be slow.
There is an open gate here.
There is an open door here.
You see here a redback corpse.
There is an open door here.
There is an open door here.
There is an open door here.
Things that are here:
a +0 shortbow; 12 arrows You enter the shallow water.
Moving in this stuff is going to be slow.
There is an open door here.
You open the door.
There is an open door here.
You close the door.
You start waiting.
A demonic crawler is nearby!
A demonic crawler is nearby!
You open the door.
There is an open door here.
Which direction?
You close the door.
There is an open door here.
There is an open door here.
You close the door.
There is an open door here.
There is an open door here.
You close the door.
You start waiting.
Done waiting.
You start waiting.
Done waiting.
You start waiting.
Done waiting.
You open the door.
There is an open door here.
There is an open door, spattered with blood here.
There is an open door, spattered with blood here.
There is an open door, spattered with blood here.
You open the door.
There is an open door here.
A daeva comes into view.
It is wielding a +3 long sword of holy wrath.
Found 108 gold pieces.
There is an open door here.
The daeva shouts!
Found 81 gold pieces.
Found a hunting sling and 21 stones. 3 unseen horrors come into view.
You completely miss the unseen horror. The unseen horror barely misses you.
The daeva calls down the wrath of the Shining One upon you.
The Shining One smites you!
You emit a cloud of dark smoke.
The unseen horror closely misses you.
There is an open door here.
The unseen horror barely misses you.
There is an open door, spattered with blood here.
You close the door.
You start resting.
HP restored.
You start waiting.
Done waiting.
You start waiting.
Done waiting.
You open the door.
There is an open door, spattered with blood here.
Casting: Corona (safe; 0% risk of failure)
Confirm with . or Enter, or press ? or * to list all spells.
Aiming: Ensorcelled Hibernation (safe; 1% risk of failure)
Press: ? - help, Shift-Dir - straight line, f - unseen horror
Aim: an unseen horror (purple smoke, slightly transparent, umbra, chance to affect: 67%)
The unseen horror looks drowsy...
Your shadow mimicks your spell!
The unseen horror is unaffected.
The helpless unseen horror fails to defend itself.
You skewer the unseen horror like a kebab!!!!!
You kill the unseen horror!
Dithmenos accepts your kill.
Your Translocations skill gained 2 levels and is now at level 2!
There is an open door, spattered with blood here.
There is an open door here.
You close the door.
The daeva shouts!
An unseen horror comes into view.
The daeva calls down the wrath of the Shining One upon you.
The Shining One smites you!
You emit a cloud of dark smoke.
An unseen horror comes into view.
The helpless unseen horror fails to defend itself.
You stick the unseen horror like a pincushion!!!!!
You kill the unseen horror!
Dithmenos accepts your kill.
Your Translocations skill increases to level 3!
The helpless unseen horror fails to defend itself.
You spit the unseen horror like a pig!!!!!
You kill the unseen horror!
Dithmenos accepts your kill.
Your Translocations skill increases to level 4!
The helpless unseen horror fails to defend itself.
You perforate the unseen horror like a sieve!!!!!
You kill the unseen horror!
Dithmenos accepts your kill.
Your Stealth skill increases to level 23!
Your Translocations skill increases to level 5!
The helpless unseen horror fails to defend itself.
You spit the unseen horror like a pig!!!!!
You kill the unseen horror!
Dithmenos accepts your kill.
Your Spellcasting skill increases to level 15!
You start resting.
Magic restored.
You start resting.
HP restored.
You open the door.
There is an open door here.
A fire giant comes into view.
It is wielding a +1 great sword of flaming.
A fire giant comes into view.
It is wielding a +1 great sword of flaming.
A fire giant comes into view.
It is wielding a +1 great sword of flaming.
Found a scroll labelled NINOCA DOENT and a scroll labelled KEC IKKIOCADGH.
A fire giant comes into view.
It is wielding a +2 great sword of flaming.
Found 15 gold pieces, 17 sling bullets and a scroll labelled DURUAM MONLEBI.
The fire giant shouts! x2
The fire giant hits you with a +1 great sword of flaming!!
You emit a cloud of dark smoke.
The fire giant burns you!
You hit the fire giant but do no damage.
Space bends around the fire giant.
The fire giant is lightly wounded.
Your shadow hits the fire giant but does no damage.
There is an open door here.
The daeva calls down the wrath of the Shining One upon you.
The Shining One smites you!
* * * LOW HITPOINT WARNING * * *
You emit a cloud of dark smoke.
You open the door.
The daeva calls down the wrath of the Shining One upon you.
The Shining One smites you!
You die...

##########################
'..)#.)#§.§§'§§§§§.'..#^^+
#...##'#§####§§§..##..'^^#
#)..§§§#§# ##§§§#######+#
#####..§.# ###§# )(##
#.§##+#### #@##$$$# §§§#
#§§###$# #§§# ##§#A#$#
##§### #§§###$# ##.§§#
#§##..$# .###.# #..#+###
.∩##§# ##...# ####.# ###.#
..##§# #.#


You could see a daeva.

Vanquished Creatures
  A hydra (D)
  2 centaur warriors (D)
  Sonja (D)
  7 unseen horrors (D)
  A lindwurm (D)
  An oklob plant (D)
  2 demonic crawlers (D)
  2 kobold demonologists (D)
  A hornet (D)
  A slime creature (D)
  Sigmund (D)
  A yak (D)
  2 redbacks (D)
  11 hogs (D)
  3 floating eyes (D)
  An ogre (D)
  6 necrophages (D)
  8 jellies (D)
  Ijyb (D)
53 creatures vanquished.

Vanquished Creatures (others)
  A gargoyle (D)
1 creature vanquished.

Grand Total: 54 creatures vanquished

Notes
Turn   | Place    | Note
-------+----------+-------------------------------------------
     0 | D        | Selrock the Spriggan Enchanter began the quest for the Orb.
     0 | D        | Reached XP level 1. HP: 9/9 MP: 5/5
     2 | D        | Noticed Ijyb
    13 | D        | Killed Ijyb
    14 | D        | Reached skill level 10 in Stealth
    14 | D        | Reached XP level 2. HP: 13/13 MP: 6/6
    96 | D        | Learned a level 2 spell: Ensorcelled Hibernation
    97 | D        | Noticed an ogre
    99 | D        | Killed an ogre
   100 | D        | Reached skill level 12 in Stealth
   100 | D        | Reached XP level 3. HP: 16/16 MP: 8/8
   100 | D        | Reached XP level 4. HP: 21/21 MP: 9/9
   112 | D        | Noticed Sigmund
   114 | D        | Killed Sigmund
   115 | D        | Reached skill level 14 in Stealth
   115 | D        | Reached skill level 10 in Hexes
   115 | D        | Reached XP level 5. HP: 24/24 MP: 10/10
   115 | D        | Reached XP level 6. HP: 28/28 MP: 11/11
   119 | D        | Learned a level 3 spell: Confusing Touch
   130 | D        | Found a burning altar of Makhleb.
   130 | D        | Found a shimmering altar of Xom.
   130 | D        | Noticed a slime creature
   131 | D        | Found a viscous altar of Jiyva.
   131 | D        | Found a corrupted altar of Lugonu.
   133 | D        | Killed a slime creature
   134 | D        | Reached skill level 16 in Stealth
   150 | D        | Found an ornate altar of the Wu Jian Council.
   150 | D        | Found a shimmering blue altar of Sif Muna.
   152 | D        | Found a radiant altar of Vehumet.
   178 | D        | Found Dacey's Book Emporium.
   178 | D        | Found an ancient bone altar of Kikubaaqudgha.
   178 | D        | Found a hazy altar of Hepliaklqana.
   178 | D        | Found a hide-covered altar of Uskayaw.
   178 | D        | Found a basalt altar of Yredelemnul.
   178 | D        | Found an opulent altar of Gozag.
   178 | D        | Found a snail-covered altar of Cheibriados.
   178 | D        | Found a sacrificial altar of Ru.
   178 | D        | Found a shadowy altar of Dithmenos.
   178 | D        | Noticed a yak
   179 | D        | Found a stormy altar of Qazlal.
   179 | D        | Found a blossoming altar of Fedhas.
   179 | D        | Found a bloodstained altar of Trog.
   179 | D        | Found an iron altar of Okawaru.
   179 | D        | Found a glowing golden altar of the Shining One.
   179 | D        | Found a glowing silver altar of Zin.
   179 | D        | Found a white marble altar of Elyvilon.
   180 | D        | Killed a yak
   181 | D        | Reached XP level 7. HP: 32/32 MP: 11/14
   181 | D        | Found a sparkling altar of Nemelex Xobeh.
   208 | D        | Became a worshipper of Dithmenos the Shadowed
   216 | D        | Noticed Sonja
   220 | D        | Killed Sonja
   221 | D        | Reached skill level 17 in Stealth
   221 | D        | Reached XP level 8. HP: 36/36 MP: 14/19
   236 | D        | Noticed a deep troll
   240 | D        | Banished a deep troll
   241 | D        | Reached skill level 18 in Stealth
   250 | D        | Found Jostras's Armour Emporium.
   257 | D        | Bought a +2 robe of willpower for 194 gold pieces
   301 | D        | Noticed a kobold demonologist
   302 | D        | Noticed a kobold demonologist
   304 | D        | Killed a kobold demonologist
   306 | D        | Killed a kobold demonologist
   306 | D        | Reached * piety under Dithmenos
   307 | D        | Reached skill level 19 in Stealth
   307 | D        | Reached XP level 9. HP: 36/39 MP: 21/23
   310 | D        | Noticed a demonic crawler
   310 | D        | Noticed a demonic crawler
   310 | D        | Noticed a demonic crawler
   310 | D        | Noticed a demonic crawler
   312 | D        | Killed a demonic crawler
   313 | D        | Reached skill level 10 in Spellcasting
   313 | D        | Killed a demonic crawler
   313 | D        | Reached ** piety under Dithmenos
  1106 | D        | Noticed a lindwurm
  1110 | D        | Killed a lindwurm
  1111 | D        | Reached skill level 20 in Stealth
  1119 | D        | Reached skill level 15 in Hexes
  1121 | D        | Reached *** piety under Dithmenos
  1122 | D        | Reached skill level 10 in Short Blades
  1131 | D        | Reached XP level 10. HP: 14/44 MP: 22/26
  1365 | D        | Reached **** piety under Dithmenos
  1883 | D        | Noticed a 12-headed hydra
  1885 | D        | Killed a 12-headed hydra
  1886 | D        | Reached skill level 21 in Stealth
  1887 | D        | Reached ***** piety under Dithmenos
  1933 | D        | Noticed a centaur warrior
  1933 | D        | Noticed a centaur warrior
  1938 | D        | Killed a centaur warrior
  1940 | D        | Killed a centaur warrior
  1962 | D        | Noticed an oklob plant
  1964 | D        | Killed an oklob plant
  1965 | D        | Reached skill level 22 in Stealth
  1965 | D        | Reached XP level 11. HP: 47/47 MP: 29/29
  1975 | D        | Reached ****** piety under Dithmenos
  1991 | D        | Noticed an unseen horror
  1992 | D        | Noticed an unseen horror
  1998 | D        | Killed an unseen horror
  2000 | D        | Killed an unseen horror
  2013 | D        | Paralysed by a floating eye for 2 turns
  2043 | D        | Identified the Papyrus of the Birds and Transmigration
  2099 | D        | Found Zoasopro's Weapon Shoppe.
  2099 | D        | Found Goawk's Weapon Shop.
  2099 | D        | Found Kon Eron's Antique Armour Boutique.
  2101 | D        | Found Bonyrch's General Store.
  2101 | D        | Found Filuqira's Jewellery Shop.
  2101 | D        | Found Xyer Bio's Assorted Antiques.
  2101 | D        | Found Telot's Distillery.
  2101 | D        | Found Cooxey's Antique Armour Emporium.
  2101 | D        | Found Kesy's General Store.
  2101 | D        | Found Heju's General Store.
  2105 | D        | Found Waagregu's Distillery.
  2106 | D        | Found Vucitz's Book Emporium.
  2106 | D        | Found Giywohet's Magic Scroll Boutique.
  2107 | D        | Found Hymiwo's Antique Armour Emporium.
  2117 | D        | Bought a book of Minor Magic for 240 gold pieces
  2128 | D        | Bought an uncursed ring of stealth for 192 gold pieces
  2133 | D        | Learned a level 2 spell: Blink
  2553 | D        | Noticed a daeva
  2558 | D        | Noticed an unseen horror
  2558 | D        | Noticed an unseen horror
  2558 | D        | Noticed an unseen horror
  2848 | D        | Killed an unseen horror
  2862 | D        | Noticed an unseen horror
  2864 | D        | Noticed an unseen horror
  2865 | D        | Killed an unseen horror
  2866 | D        | Killed an unseen horror
  2868 | D        | Killed an unseen horror
  2869 | D        | Reached skill level 23 in Stealth
  2869 | D        | Reached skill level 5 in Translocations
  2870 | D        | Killed an unseen horror
  2871 | D        | Reached skill level 15 in Spellcasting
  2916 | D        | Noticed a fire giant
  2919 | D        | Noticed a fire giant
  2920 | D        | Noticed a fire giant
  2921 | D        | Noticed a fire giant
  2941 | D        | Killed from afar by a daeva

Illustrated notes

Levels and vault maps discovered:
D:        dungeon_sprint_1 [red_sonja_temple_1, red_sonja_temple_small_1]

Skill      XL: |  1  2  3  4  5  6  7  8  9 10 11 |
---------------+----------------------------------+-----
Stealth        | 10 12 14 16 17 19 20 22 23 | 23.1
Hexes          | 6 10 12 13 14 15 16 17 | 17.9
Spellcasting   | 4 7 9 11 13 15 | 15.0
Short Blades   | 3 6 8 10 12 13 | 13.7
Translocations | 5 |  5.6
Dodging        | |  3.0

Action                   |  1- 3 |  4- 6 |  7- 9 | 10-12 || total
-------------------------+-------+-------+-------+-------++-------
Melee: Dagger            |    11 |     4 |     1 |       ||    16
       Short sword       |       |       |    25 |    73 ||    98
 Cast: Ensorcelled Hiber |       |       |     1 |     2 ||     3
       Confusing Touch   |       |       |     1 |     1 ||     2
       Corona            |       |       |     1 |     1 ||     2
  Use: Potion            |     1 |       |     1 |       ||     2
 Stab: Sleeping          |     1 |     4 |    11 |    29 ||    45
       Distracted        |       |       |       |     1 ||     1
       Confused          |       |       |       |     1 ||     1
Armor: Robe              |       |       |     5 |     2 ||     7
Dodge: Dodged            |     4 |       |    39 |    26 ||    69
